Match 41826694
Unlisted

Match 41826694
End
Kradschützen Motorcycle Team
Panzerpioneer Squad
Selects Battlefield Espionage Battlegroup
Panzerpioneer Squad
Panzerpioneer Squad
Construct Light Support Kompanie
Selects Intel Disruption Beacon
2.5-tonne Medical Truck
MG34 Team
Panzerjäger Mechanized Group
Selects 250/3 Funkpanzerwagen
Fire Support Elements
le.IG 18 Support Gun Team
Pak 38 Anti-tank Gun Team
Construct Panzerarmee Kommand
Selects Anti-Tank Incendiary Munitions
Panzer III L Medium Tank
Selects Transfer Depots
Selects Disruption Operation
2.5-tonne Medical Truck
Walking Stuka Rocket Launcher
Disruption Operation
Vehicle Survival Package
Panzer III L Medium Tank
Selects Operation Skorpion
Tungsten Core Ammunition
Panzerpioneer Squad
Disruption Operation
Armored Reserves
Operation Skorpion
Emergency Repair Kits
Disruption Operation
MG34 Team
Disruption Operation
Tiger Heavy Tank
Operation Skorpion
Panzer III L Medium Tank
Panzer III L Medium Tank
Disruption Operation
Assault Grenadier Squad
Panzer III L Medium Tank
『BlackBear』
!!!!!!!!!!!!
-=48th*SmileMan=-
Razarak
0
0

Comments sign in to comment!

No comments posted yet!